 Dungeon Crawl Stone Soup version 0.16-a0-2675-g216447c (webtiles) character file.

535 monstruo the Magician (level 7, -5/36 HPs)
             Began as a Deep Elf Ice Elementalist on Nov 24, 2014.
             Was an Initiate of Vehumet.
             Slain by a wight
             ... wielding a cursed +0 scimitar
              (7 damage)
             ... on level 4 of the Dungeon on Nov 25, 2014.
             The game lasted 00:30:33 (3948 turns).

monstruo the Magician (Deep Elf Ice Elementalist)   Turns: 3948, Time: 00:30:33

Health: -5/36      AC:  5    Str:  5    XL:     7   Next: 4%
Magic:  4/25       EV: 12    Int: 22    God:    Vehumet [......]
Gold:   143        SH:  0    Dex: 15    Spells: 3 memorised, 14 levels left

rFire  . . .     SeeInvis .     u - +2 quarterstaff (chaos)
rCold  . . .     Clarity  .     a - +0 robe
rNeg   . . .     SustAb   .     (no shield)
rPois  .         Gourm    .     (no helmet)
rElec  .         Spirit   .     v - +2 cloak
rCorr  .         Warding  .     (no gloves)
rMut   .         Stasis   .     (no boots)
MR     .....                    (no amulet)
Stlth  ++........               (no ring)
                                (no ring)

@: drained, not resistant to hostile enchantments, unstealthy
A: no striking features
a: Renounce Religion


You were on level 4 of the Dungeon.
You worshipped Vehumet.
Vehumet was noncommittal.
You were not hungry.

You visited 2 branches of the dungeon, and saw 5 of its levels.

You collected 143 gold pieces.

Inventory:

Hand weapons
 f - a +0 dagger of electrocution
 m - a +2 dagger of speed
 u - a +2 quarterstaff of chaos (weapon)
Armour
 a - a +0 robe (worn)
 v - a +2 cloak (worn)
Jewellery
 p - an uncursed ring of see invisible {unknown}
 t - an uncursed amulet of regeneration {unknown}
 w - an uncursed amulet of resist mutation
Scrolls
 g - a scroll of fog {unknown}
 h - a scroll of identify
 i - a scroll of magic mapping
 j - 2 scrolls of teleportation {unknown}
 o - 2 scrolls of immolation {unknown}
 s - a scroll of remove curse
 x - a scroll of enchant weapon {unknown}
 y - a scroll of recharging {unknown}
Books
 b - a book of Frost

   Spells                             Type                      Level
   *Freeze                            Ice                          1
   *Throw Frost                       Conjuration/Ice              2
   *Ozocubu's Armour                  Charms/Ice                   3
   Throw Icicle                       Conjuration/Ice              4
   Summon Ice Beast                   Ice/Summoning                4
   Condensation Shield                Ice                          4
Comestibles
 c - 5 bread rations
 d - 4 meat rations
 l - a beef jerky
 z - a slice of pizza


   Skills:
 - Level 2.4(2.1) Dodging
 - Level 2.4(2.1) Stealth
 + Level 7.3(6.9) Spellcasting
 - Level 1.1(0.8) Conjurations
 + Level 6.8(6.5) Ice Magic


You had 14 spell levels left.
You knew the following spells:

 Your Spells              Type           Power        Failure   Level  Hunger
a - Freeze                Ice            ####         1%          1    None
b - Throw Frost           Conj/Ice       ###...       3%          2    None
c - Ozocubu's Armour      Chrm/Ice       ###.....     8%          3    None


Dungeon Overview and Level Annotations

Branches:
Dungeon (4/15)             Temple (1/1) D:4

Altars:
Ashenzari
Cheibriados
Kikubaaqudgha
Nemelex Xobeh
Okawaru
Ru
Sif Muna
Trog
Vehumet
Xom
Yredelemnul
Zin
The Shining One

Annotations:
D:4 runed door


Message History

The wight is severely damaged.
The wight closely misses you.
A sky beast comes into view.
You see here a worker ant corpse.
You aren't carrying any potions.
Read which item? (? for menu, Esc to quit)
As you read the scroll labeled LUNIFU VADEDUIJUD, it crumbles to dust.
It is a scroll of identify.
Identify which item? (\ to view known items) (? for menu, Esc to quit)
w - an uncursed amulet of resist mutation The wight hits you with a scimitar.
* * * LOW HITPOINT WARNING * * *
Read which item? (? for menu, Esc to quit)
As you read the scroll labeled SIASSOXOCI, it crumbles to dust.
You feel blessed for a moment.
It was a scroll of remove curse.
Read which item? (? for menu, Esc to quit)
As you read the scroll labeled VIMITU RUPSEN, it crumbles to dust.
You feel aware of your surroundings.
It was a scroll of magic mapping.
The wight hits you with a scimitar!
You die...

.g..#.#*#.># #.#
#.# ..###.# #..#
#.# #.#
...##.###..# #.#
#.# ..#g.......#
#.# #)#
.###.#..#..# #.##
#.# #* ##...#..#
#..# #)#
,*##.#g.#..# ##Y#
#.# #####
,,#........# #.#
#.# ##...##
#....#..#..# #@#
#.###....)##
#.......g..# #z#
#.##.......#
........#.## #g#
#..........#
###..##.#.# #.#
####.......#
**#..*#.#.# #.#
##.....##
,,...,..#.# #.#
##...##
,,,.,*###.######.#
##.## ,,,,,*
#....g...# #.###
****** #.########
#...#


You could see a sky beast, a wight and a hobgoblin.

Vanquished Creatures
  An ogre (D:4)
  Sigmund (D:2)
  3 wights (D:4)
  Crazy Yiuf (D:2)
  A giant frog skeleton (D:4)
  2 worker ants (D:4)
  Ijyb (D:2)
  5 adders (D:2)
  A giant mite (D:2)
  3 worms
  3 giant geckos (D:2)
  An orc (D:3)
  4 giant cockroaches
  8 hobgoblins
  6 jackals
  8 kobolds
  A quokka (D:2)
  2 ball pythons
  8 bats
  4 giant newts
  7 goblins
  3 rats
74 creatures vanquished.

Notes
Turn   | Place    | Note
--------------------------------------------------------------
     0 | D:1      | monstruo, the Deep Elf Ice Elementalist, began the quest for the Orb.
     0 | D:1      | Reached XP level 1. HP: 10/10 MP: 5/5
   257 | D:1      | Reached XP level 2. HP: 13/15 MP: 6/8
   609 | D:1      | Reached skill level 4 in Ice Magic
  1029 | D:2      | Noticed Ijyb
  1033 | D:2      | Reached XP level 3. HP: 19/19 MP: 8/11
  1041 | D:2      | Killed Ijyb
  1259 | D:2      | Reached XP level 4. HP: 20/24 MP: 12/15
  1307 | D:2      | Learned a level 2 spell: Throw Frost
  1311 | D:2      | Learned a level 3 spell: Ozocubu's Armour
  1764 | D:2      | Reached skill level 5 in Spellcasting
  1813 | D:2      | Reached skill level 5 in Ice Magic
  1932 | D:2      | Noticed Sigmund
  1953 | D:2      | Killed Sigmund
  1953 | D:2      | Reached XP level 5. HP: 14/28 MP: 8/20
  2169 | D:2      | Noticed Crazy Yiuf
  2176 | D:2      | Killed Crazy Yiuf
  2470 | D:3      | Reached skill level 6 in Spellcasting
  2597 | D:3      | Found a shattered altar of Ashenzari.
  2922 | D:4      | Found a glowing silver altar of Zin.
  2922 | D:4      | Found a runed door.
  2922 | D:4      | Noticed an angel
  2984 | D:4      | Found a staircase to the Ecumenical Temple.
  3033 | D:4      | Reached XP level 6. HP: 32/32 MP: 17/22
  3089 | D:4      | Noticed an ogre
  3093 | D:4      | Killed an ogre
  3183 | Temple   | Entered the Ecumenical Temple
  3334 | Temple   | Became a worshipper of Vehumet
  3658 | D:4      | Reached skill level 7 in Spellcasting
  3809 | D:4      | Reached XP level 7. HP: 30/36 MP: 13/25
  3946 | D:4      | HP: 1/36 [wight/scimitar (2)]
  3948 | D:4      | Slain by a wight

Action                   |  1- 3 |  4- 6 |  7- 9 || total
-------------------------+-------+-------+-------++-------
Melee: Unarmed           |     4 |       |       ||     4
       Dagger            |     4 |    22 |       ||    26
       Quarterstaff      |       |    21 |       ||    21
 Cast: Freeze            |    48 |    88 |    27 ||   163
       Throw Frost       |       |    35 |       ||    35
       Ozocubu's Armour  |       |     3 |     1 ||     4
  Use: Potion            |       |     2 |     5 ||     7
       Scroll            |       |       |     3 ||     3
 Stab: Sleeping          |     1 |     1 |       ||     2
       Paralysed         |       |     2 |       ||     2
  Eat: Chunk             |     1 |     6 |       ||     7
       Meat ration       |       |     1 |       ||     1
